 Dungeon Crawl Stone Soup version 0.31.0-12-g77e489cdc1 (webtiles) character file.

Game seed: 18313704842815698212

5 LabCoat the Trooper (level 1, 0/20 HPs)
             Began as a Hill Orc Fighter on Feb 23, 2024.
             Frozen to death by an endoplasm (3 damage)
             ... on level 1 of the Dungeon.
             The game lasted 00:01:24 (36 turns).

LabCoat the Trooper (Hill Orc Fighter)                Turns: 36, Time: 00:01:25

Health: 0/20       AC:  6    Str: 18    XL:     1   Next: 80%
Magic:  1/1        EV:  9    Int:  8    God:
Gold:   17         SH:  4    Dex: 10    Spells: 0/0 levels left

rFire   . . .        a - +0 war axe
rCold   . . .        c - +0 buckler
rNeg    . . .        b - +0 scale mail
rPois   .            (no helmet)
rElec   .            (no cloak)
rCorr   .            (no gloves)
SInv    .            (no boots)
Will    .....        (no amulet) Stlth
                     (no ring)
HPRegen 0.23/turn    (no ring)
MPRegen 0.07/turn

%: no passive effects
@: mighty
A: no striking features
a: no special abilities


You were on level 1 of the Dungeon.
You visited 1 branch of the dungeon, and saw 1 of its levels.

You collected 17 gold pieces.

Inventory:

Hand Weapons
 a - a +0 war axe (weapon)
Armour
 b - a +0 scale mail (worn)
 c - a +0 buckler (worn)


   Skills:
 * Level 3.7 Fighting
 * Level 2.8 Axes
 + Level 0.0 Throwing
 * Level 3.3 Armour
 + Level 0.0 Dodging
 + Level 3.3 Shields
 * Level 0.3 Evocations
 + Level 0.0 Shapeshifting


You couldn't memorise any spells.
You didn't know any spells.
Your spell library was empty.

Dungeon Overview and Level Annotations

Branches:
Dungeon (1/15)

Altars:


Message History

You slash the jackal!
You kill the jackal!
You hit the giant cockroach but do no damage.
You barely miss the giant cockroach. You barely miss the jackal.
The bat hits you but does no damage. x2; You block the jackal's attack.
The giant cockroach bites you. The giant cockroach closely misses you.
The jackal barely misses you.
The giant cockroach bites you but does no damage.
You barely miss the bat. You hit the giant cockroach.
You barely miss the giant cockroach. You closely miss the jackal.
The bat hits you but does no damage.
The giant cockroach bites you but does no damage.
The jackal bites you. The bat closely misses you.
The giant cockroach closely misses you.
The giant cockroach bites you but does no damage.
The jackal bites you.
You miss the bat. You closely miss the jackal. You slash the giant cockroach!
You kill the giant cockroach!
You closely miss the giant cockroach. The bat barely misses you.
The bat hits you but does no damage.
The giant cockroach bites you but does no damage.
You block the jackal's attack.
The giant cockroach bites you but does no damage.
The giant cockroach barely misses you. The jackal bites you.
* * * LOW HITPOINT WARNING * * *
You hit the goblin.
You kill the goblin!
You closely miss the jackal.
You hit the giant cockroach but do no damage.
You hit the giant cockroach.
You kill the giant cockroach!
The bat hits you.
* * * LOW HITPOINT WARNING * * *
You block the giant cockroach's attack. The jackal bites you.
* * * LOW HITPOINT WARNING * * *
The giant cockroach bites you but does no damage.
The jackal closely misses you. The endoplasm freezes you.
You are frozen.
You die... ....b..###.## ............# #...........# # #..........#.# #.......... ..Klgg.

#gJh##
##.∩###B@.∩##
...........b.∩#
.............##
#.............#
##.÷...#....÷..#
#∩.....#.#.##..##
#∩.........##÷..#
#.....#.......∩#
##.....##.#######


You could see an endoplasm, a jackal, a giant cockroach, 2 hobgoblins, a goblin,
2 bats, a kobold and a frilled lizard.

Vanquished Creatures
  2 giant cockroaches (D:1)
  3 jackals (D:1)
  A goblin (D:1)
6 creatures vanquished.

Notes
Turn   | Place    | Note
-------+----------+-------------------------------------------
     0 | D:1      | LabCoat the Hill Orc Fighter began the quest for the Orb.
     0 | D:1      | Reached XP level 1. HP: 19/19 MP: 1/1
    36 | D:1      | Frozen to death by an endoplasm

Illustrated notes

Levels and vault maps discovered:
D:1:      amcnicky_arrival_abandoned_market, layout_rooms, minmay_ruptured

Action                     || total
---------------------------++-------
  Melee: War axe           ||    10
    Use: Potion            ||     1
 Armour: Scale mail        ||    43
  Dodge: Dodged            ||    15
  Block: Buckler           ||     8
